 Dungeon Crawl Stone Soup version 0.20.1-1-g8b1a95d (webtiles) character file.

6382 Zedayar the Grappler (level 10, 0/98 HPs)
             Began as a Troll Berserker on Aug 30, 2017.
             Was a High Priest of Trog.
             Slain by a seven-headed hydra (7 damage)
             ... on level 1 of the Lair of Beasts.
             The game lasted 00:36:53 (8128 turns).

Zedayar the Grappler (Troll Berserker)              Turns: 8128, Time: 00:36:53

Health: 0/98       AC:  7    Str: 30    XL:     10   Next: 65%
Magic:  9/9        EV: 10    Int:  3    God:    Trog [*****.]
Gold:   451        SH:  0    Dex:  9    Spells: 9/9 levels left

rFire    + . .     SeeInvis .     - Unarmed
rCold    . . .     Gourm    +   (no shield)
rNeg     . . .     Faith    .   F - +2 robe
rPois    +         Spirit   .   (helmet restricted)
rElec    .         Reflect  .   (no cloak)
rCorr    .         Harm     .   (gloves unavailable)
MR       .....                  (boots unavailable)
Stlth    +.........             (no amulet)
Regen    0.7/turn               g - ring of poison resistance
MPRegen  0.2/turn               i - ring of protection from fire

@: flying
A: unfitting armour, claws 3, horns 1, blink, fast metabolism 3, gourmand,
regeneration 1, shaggy fur 1, tough skin 2
a: Blink, Berserk, Trog's Hand, Brothers in Arms, Burn Spellbooks, Renounce
Religion


You were on level 1 of the Lair of Beasts.
You worshipped Trog.
Trog was extremely pleased with you.
You were completely stuffed.

You visited 2 branches of the dungeon, and saw 10 of its levels.
You also visited: Ossuary.

You collected 451 gold pieces.

Inventory:

Hand Weapons
 H - a +3 great mace of crushing
Armour
 a - a +0 animal skin
 n - a +2 robe of fire resistance
 p - a +0 shield
 F - a +2 robe (worn)
 G - a +1 robe of magic resistance
Jewellery
 g - a ring of poison resistance (left claw)
 i - a ring of protection from fire (right claw)
 s - an uncursed ring of resist corrosion
Wands
 B - a wand of random effects (20/48)
 E - a wand of iceblast (3/15)
 I - a wand of digging (13/24)
Scrolls
 e - 4 scrolls of enchant weapon
 h - 5 scrolls of teleportation
 m - a scroll of torment {unknown}
 o - 3 scrolls of fear
 t - 3 scrolls of vulnerability
 w - 4 scrolls of remove curse
 x - 5 scrolls of noise
 y - a scroll of blinking
 A - a scroll of recharging
 C - a scroll of acquirement
 J - a scroll of immolation
Potions
 d - a potion of heal wounds
 f - a potion of flight
 j - 3 potions of curing
 r - 2 potions of brilliance
 u - 2 potions of lignification
 v - a potion of agility
 z - a potion of degeneration
 D - 2 potions of haste
Comestibles
 b - 4 bread rations
 c - 3 royal jellies
 k - 6 fruits
 l - a chunk of flesh
 q - 4 meat rations


   Skills:
 * Level 5.9 Fighting
 - Level 3.8 Maces & Flails
 - Level 2.5 Dodging
 - Level 1.3 Stealth
 - Level 3.2 Shields
 + Level 13.2 Unarmed Combat


You had 9 spell levels left.
You didn't know any spells.

Dungeon Overview and Level Annotations

Branches:
Dungeon (9/15)             Temple (0/1) D:5            Lair (1/6) D:9
    Orc: D:9-12

Altars:
Cheibriados
Fedhas
Kikubaaqudgha
Nemelex Xobeh
Qazlal
Trog
The Shining One


Innate Abilities, Weirdness & Mutations

You are too large for most types of armour.
You have claws for hands.
Your metabolism is lightning-fast.
You like to eat raw meat.
Your natural rate of healing is unusually fast.
You are covered in fur. (AC +1)
You have very tough skin. (AC +2)
You have a pair of small horns on your head.
You can translocate small distances at will.


Message History

The seven-headed hydra closely misses you.
The seven-headed hydra bites you!
The seven-headed hydra bites you but does no damage.
The seven-headed hydra bites you.
You block the seven-headed hydra's attack.
The seven-headed hydra bites you!
You finish taking off your +0 shield.
You feel much better. The seven-headed hydra bites you! x2
The seven-headed hydra bites you.
The seven-headed hydra closely misses you.
The seven-headed hydra bites you!
* * * LOW HITPOINT WARNING * * *
The seven-headed hydra bites you!
* * * LOW HITPOINT WARNING * * *
The seven-headed hydra bites you but does no damage.
You feel very buoyant.
You fly up into the air.
The seven-headed hydra bites you!
* * * LOW HITPOINT WARNING * * *
The seven-headed hydra bites you!
You die...

*,,,,,⌠,,***,,,,*
,,,****,*,**....# *##
,,** *...,**....######.#
,,* *....*##.#.#.#.#.#*
,*****....##..........,*
***,**....P##.#.#.#.#,***
*,,,,,...........$...,,,*
,,,,,,......#.#.#.#.#.##*
,,,,,,..........@D.....#*
,,,,,,......#.#.#.#.#.#.*
*****,....##.>........,**
* **...(###.#.#.#.#,**
*....#...........,*
**......#.#.#.#.#.#*
*,....#......######
*,...,##....## *
**..,,,#.÷..#


You could see a seven-headed hydra.

Vanquished Creatures
  Erica (D:8)
  A two-headed ogre (D:8)
  Pikel (D:7)
  Joseph (D:8)
  Grinder (D:3)
  2 hippogriffs
  A hungry ghost (D:9)
  Menkaure (D:6)
  2 water moccasins
  2 sky beasts
  An orc warrior (D:9)
  2 ice beasts
  A black bear (D:9)
  2 slaves (D:7)
  An ogre (D:6)
  2 centaurs
  A crocodile (Lair:1)
  2 bullfrogs
  A water moccasin zombie (D:8)
  11 scorpions
  5 wights (D:6)
  3 howler monkeys (D:8)
  6 crimson imps
  Crazy Yiuf (D:4)
  2 centaur zombies
  6 hounds
  4 orc wizards
  3 human zombies (Ossuary)
  3 jellies
  3 orc priests
  An iguana (D:9)
  A worker ant (D:4)
  A big kobold zombie (Ossuary)
  4 hound zombies
  3 mummies (Ossuary)
  A worker ant zombie (D:5)
  10 gnolls
  2 howler monkey skeletons
  3 scorpion zombies (Ossuary)
  11 adders
  An ooze (D:2)
  An adder skeleton (D:4)
  6 worms
  4 dart slugs
  5 leopard geckos
  16 orcs
  6 giant cockroaches
  4 gnoll zombies (Ossuary)
  4 hobgoblins
  2 quokkas
  3 ball pythons
  3 bats (D:2)
  4 frilled lizards
  4 goblins
  4 hobgoblin zombies (Ossuary)
  6 kobolds
  2 kobold zombies (Ossuary)
  7 rats
192 creatures vanquished.

Vanquished Creatures (others)
  A wizard (D:7)
1 creature vanquished.

Grand Total: 193 creatures vanquished

Notes
Turn   | Place    | Note
-------+----------+-------------------------------------------
     0 | D:1      | Zedayar the Troll Berserker began the quest for the Orb.
     0 | D:1      | Reached XP level 1. HP: 22/22 MP: 0/0
   421 | D:1      | Reached XP level 2. HP: 29/29 MP: 1/1
   730 | D:2      | Reached XP level 3. HP: 36/36 MP: 2/2
   739 | D:2      | Reached skill level 4 in Unarmed Combat
   838 | D:2      | Found a sparkling altar of Nemelex Xobeh.
   930 | D:2      | Reached XP level 4. HP: 41/44 MP: 3/3
  1004 | D:2      | Reached ** piety under Trog
  1652 | D:3      | Noticed Grinder
  1654 | D:3      | Paralysed by Grinder for 2 turns
  1658 | D:3      | Paralysed by Grinder for 5 turns
  1670 | D:3      | Paralysed by Grinder for 2 turns
  1684 | D:3      | Killed Grinder
  1684 | D:3      | Reached skill level 6 in Unarmed Combat
  1684 | D:3      | Reached XP level 5. HP: 33/53 MP: 4/4
  1684 | D:3      | Reached XP level 6. HP: 38/61 MP: 5/5
  2019 | D:3      | Found a bloodstained altar of Trog.
  2181 | D:4      | Reached skill level 1 in Shields
  2515 | D:4      | Found a blossoming altar of Fedhas.
  2599 | D:4      | Reached XP level 7. HP: 67/67 MP: 6/6
  2638 | D:4      | Reached *** piety under Trog
  2669 | D:4      | Found a runed door.
  2673 | D:4      | Noticed Crazy Yiuf
  2678 | D:4      | Killed Crazy Yiuf
  2678 | D:4      | Reached skill level 7 in Unarmed Combat
  2805 | D:4      | Found a sand-covered staircase.
  2816 | Ossuary  | Entered an ossuary
  2987 | Ossuary  | Reached skill level 8 in Unarmed Combat
  3010 | Ossuary  | Reached XP level 8. HP: 27/78 MP: 7/7
  3560 | D:5      | Entered Level 5 of the Dungeon
  3706 | D:5      | Found a glowing golden altar of the Shining One.
  3767 | D:5      | Reached skill level 9 in Unarmed Combat
  3798 | D:5      | Found a staircase to the Ecumenical Temple.
  3826 | D:5      | Reached **** piety under Trog
  3826 | D:5      | Reached skill level 1 in Stealth
  3878 | D:5      | Paralysed by fainting for 6 turns
  4386 | D:6      | Gained mutation: You have a pair of small antennae on your head. [mutagenic meat]
  4387 | D:6      | Gained mutation: You can translocate small distances at will. [mutagenic meat]
  4388 | D:6      | Lost mutation: You have a pair of small antennae on your head. [mutagenic meat]
  4389 | D:6      | Gained mutation: You have a pair of small horns on your head. [mutagenic meat]
  4465 | D:6      | Reached skill level 10 in Unarmed Combat
  4480 | D:6      | Reached XP level 9. HP: 78/85 MP: 8/8
  4578 | D:6      | Noticed Menkaure
  4591 | D:6      | Killed Menkaure
  4913 | D:6      | You fall through a shaft for 3 floors!
  5039 | D:9      | Found a staircase to the Lair.
  5205 | D:9      | Reached skill level 11 in Unarmed Combat
  5959 | D:8      | Reached skill level 12 in Unarmed Combat
  6059 | D:8      | Found an ancient bone altar of Kikubaaqudgha.
  6059 | D:8      | Found a stormy altar of Qazlal.
  6183 | D:8      | Reached ***** piety under Trog
  6257 | D:8      | Noticed a two-headed ogre
  6274 | D:8      | Killed a two-headed ogre
  6274 | D:8      | Reached XP level 10. HP: 21/94 MP: 9/9
  6391 | D:8      | Reached skill level 5 in Fighting
  6428 | D:8      | Noticed Joseph
  6436 | D:8      | Killed Joseph
  6521 | D:8      | Noticed Erica
  6526 | D:8      | Killed Erica
  7158 | D:7      | Found a bloodstained altar of Trog.
  7160 | D:7      | Noticed Pikel
  7161 | D:7      | Noticed a wizard
  7168 | D:7      | Killed a wizard
  7175 | D:7      | Killed Pikel
  7175 | D:7      | Reached skill level 13 in Unarmed Combat
  7663 | D:6      | Found a snail-covered altar of Cheibriados.
  7864 | Lair:1   | Entered Level 1 of the Lair of Beasts
  7928 | Lair:1   | Identified a scroll of acquirement
  8120 | Lair:1   | Noticed a seven-headed hydra
  8128 | Lair:1   | Slain by a seven-headed hydra

Skill      XL: |  1  2  3  4  5  6  7  8  9 10 |
---------------+-------------------------------+-----
Unarmed Combat | 4 6 8 10 12 13 | 13.2
Fighting       | 3 4 5 |  5.9
Shields        | 1 2 3 |  3.2
Stealth        | 1 |  1.3
Maces & Flails | 3 |  3.8
Dodging        | |  2.5

Action                   |  1- 3 |  4- 6 |  7- 9 | 10-12 || total
-------------------------+-------+-------+-------+-------++-------
Melee: Unarmed           |    71 |   128 |   278 |    70 ||   547
       Punch             |     1 |       |     1 |     4 ||     6
       Headbutt          |       |       |    18 |    17 ||    35
       Great mace        |       |       |    15 |       ||    15
Invok: Berserk           |     1 |       |     1 |     3 ||     5
       Burn Spellbooks   |       |       |     1 |     1 ||     2
  Use: Potion            |       |     2 |     2 |     5 ||     9
       Scroll            |       |       |       |    16 ||    16
 Stab: Sleeping          |       |       |     2 |     1 ||     3
  Eat: Chunk             |    10 |    11 |    26 |    20 ||    67
       Bread ration      |     1 |       |     3 |       ||     4
       Meat ration       |       |       |     1 |       ||     1
Armor: Animal skin       |    10 |       |       |       ||    10
       Robe              |    10 |    44 |    88 |    16 ||   158
Dodge: Dodged            |    43 |    36 |   115 |    27 ||   221
Block: Shield            |       |    37 |   117 |     3 ||   157
